 Dungeon Crawl Stone Soup version 0.20.1-1-g8b1a95d66d (webtiles) character file.

23 NullDivider the Vexing (level 2, 0/12 HPs)
             Began as a Felid Enchanter on Nov 14, 2017.
             Slain by a jackal (2 damage)
             ... on level 1 of the Dungeon.
             The game lasted 00:06:15 (744 turns).

NullDivider the Vexing (Felid Enchanter)             Turns: 744, Time: 00:06:16

Health: 0/12       AC:  1    Str:  4    XL:     2   Next: 75%
Magic:  0/6        EV: 18    Int: 16    God:
Gold:   24         SH:  0    Dex: 16    Spells: 2/5 levels left
                                        Lives:  0   Deaths: 0

rFire    . . .     SeeInvis +     - Unarmed
rCold    . . .     Gourm    .   (shield unavailable)
rNeg     . . .     Faith    .   (armour unavailable)
rPois    .         Spirit   .   (helmet unavailable)
rElec    .         Reflect  .   (cloak unavailable)
rCorr    .         Harm     .   (gloves unavailable)
MR       .....                  (boots unavailable)
Stlth    +++.......             (no amulet)
Regen    0.1/turn               (no ring)
MPRegen  0.1/turn               (no ring)

@: quick
A: no armour, no weapons or thrown items, stealth, claws 1, fangs 3, see
invisible, carnivore 3, speed 1, shaggy fur 1, slow metabolism 1, sharp paws
a: no special abilities


You were on level 1 of the Dungeon.
You were completely stuffed.

You visited 1 branch of the dungeon, and saw 1 of its levels.

You collected 24 gold pieces.

Inventory:

Jewellery
 g - an uncursed amulet of the gourmand {unknown}
Scrolls
 c - a scroll of identify {unknown}
 d - a scroll of remove curse {unknown}
 e - a scroll of magic mapping {unknown}
 h - a scroll of blinking {unknown}
 i - a scroll of random uselessness {unknown}
Books
 a - a book of Maledictions

   Spells                             Type                      Level
   a - Corona                         Hexes                        1
   b - Ensorcelled Hibernation        Hexes/Ice                    2
   c - Confuse                        Hexes                        3
   d - Tukima's Dance                 Hexes                        3
   e - Dazzling Spray                 Conjuration/Hexes            3
Comestibles
 b - a meat ration
 f - 4 chunks of flesh


   Skills:
 * Level 0.6 Fighting
 + Level 3.3 Dodging
 + Level 4.0 Stealth
 * Level 1.5 Unarmed Combat
 * Level 2.3 Spellcasting
 + Level 4.4 Hexes


You had 2 spell levels left.
You knew the following spells:

 Your Spells              Type           Power        Failure   Level  Hunger
a - Corona                Hex            ###....      3%          1    #......
b - Ensorcelled Hibernat  Hex/Ice        #.....       12%         2    ###....


Dungeon Overview and Level Annotations

Branches:
Dungeon (1/15)

Altars:


Innate Abilities, Weirdness & Mutations

You cannot wear armour.
You are incapable of wielding weapons or throwing items.
Your paws allow you to move quietly. (Stealth)
You have sharp claws.
You have razor-sharp teeth.
You have supernaturally acute eyesight. (SInv)
You are carnivorous and can eat meat at any time.
You cover ground quickly.
You are covered in fur. (AC +1)
You have a slow metabolism.
Your sharp claws are effective at attacking unaware monsters.


Message History

Aiming: Ensorcelled Hibernation
Press: ? - help, Shift-Dir - straight line, f/p - jackal
Aim: a jackal (chance to defeat MR: 58%)
The jackal resists with significant effort.
Casting: Ensorcelled Hibernation
Confirm with . or Enter, or press ? or * to list all spells.
Aiming: Ensorcelled Hibernation
Press: ? - help, Shift-Dir - straight line, f/p - jackal
Aim: a jackal (chance to defeat MR: 58%)
The jackal resists with significant effort.
The jackal closely misses you.
You miss the jackal. The jackal closely misses you.
You miss the jackal. The jackal closely misses you.
The jackal barely misses you.
You barely miss the jackal. The jackal bites you.
* * * LOW HITPOINT WARNING * * *
You closely miss the jackal. The jackal barely misses you.
You scratch the jackal but do no damage.
The jackal closely misses you. The jackal bites you.
You die...

..#################
..>...†....h......#
..##############.##
#........# #.#
#.######.# #h# #.#
#.# #@# #.#
#.#####.# #.#
#.......# #.#
######### #.# #.#
###.# .##.# .##.#


You could see a jackal.

Vanquished Creatures
  2 dart slugs (D:1)
  A giant cockroach (D:1)
  2 hobgoblins (D:1)
  A jackal (D:1)
  A frilled lizard (D:1)
  7 goblins (D:1)
  3 kobolds (D:1)
  2 rats (D:1)
19 creatures vanquished.

Notes
Turn   | Place    | Note
-------+----------+-------------------------------------------
     0 | D:1      | NullDivider the Felid Enchanter began the quest for the Orb.
     0 | D:1      | Reached XP level 1. HP: 7/7 MP: 4/4
   132 | D:1      | Reached XP level 2. HP: 5/11 MP: 6/6
   324 | D:1      | Learned a level 2 spell: Ensorcelled Hibernation
   744 | D:1      | Slain by a jackal

Skill      XL: |  1  2 |
---------------+-------+-----
Dodging        | 3 |  3.3
Fighting       | |  0.6
Stealth        | |  4.0
Unarmed Combat | |  1.5
Spellcasting   | |  2.3
Hexes          | |  4.4

Action                   || total
-------------------------++-------
Melee: Unarmed           ||    74
       Bite              ||     5
 Cast: Ensorcelled Hiber ||     6
       Corona            ||     1
 Stab: Sleeping          ||    10
  Eat: Chunk             ||     7
Armor: Skin              ||     5
Dodge: Dodged            ||    43
